 Dungeon Crawl Stone Soup version 0.29-a0-551-gffc1d7fb78 (webtiles) character file.

Game seed: 6637556433827355947

11631 xian the Slicer (level 11, -26/95 HPs)
             Began as a Pale Draconian Brigand on June 6, 2022.
             Was an Initiate of Gozag.
             Annihilated by a boulder beetle (40 damage)
             ... on level 11 of the Dungeon.
             The game lasted 00:46:14 (14343 turns).

xian the Slicer (Pale Draconian Brigand)           Turns: 14343, Time: 00:46:15

Health: -26/95     AC:  8    Str: 15    XL:     11   Next: 51%
Magic:  12/12      EV: 15    Int: 13    God:    Gozag
Gold:   1624       SH:  0    Dex: 14    Spells: 11/12 levels left

rFire   . . .      SeeInvis +   z - +7 battleaxe (freeze)
rCold   . . .      Faith    .   (shield currently unavailable)
rNeg    . . .      Spirit   .   (body armour unavailable)
rPois   .          Reflect  .   (helmet restricted)
rElec   .          Harm     .   (no cloak)
rCorr   .          Rampage  .   l - +0 pair of gloves
Will    .....                   (no boots)
Stlth   ++++......              t - amulet of the acrobat
HPRegen 0.25/turn               n - ring of see invisible
MPRegen 0.13/turn               (no ring)

@: short of breath, gold aura, on berserk cooldown, slowed, very slow
A: breathe steam, AC +7, unfitting armour, cold-blooded, steam resistance
a: Breathe Steam, Renounce Religion, Potion Petition, Call Merchant, Bribe
Branch


You were on level 11 of the Dungeon.
You worshipped Gozag.
Gozag was most pleased with you.
You visited 2 branches of the dungeon, and saw 12 of its levels.

You collected 2498 gold pieces.
You spent 336 gold pieces at shops.
You paid 538 gold pieces to Gozag.

Inventory:

Hand Weapons
 m - a +2 short sword of venom
 o - a +1 hunting sling of freezing
 z - a +7 battleaxe of freezing (weapon)
 C - a +0 club
Missiles
 c - 43 poisoned darts (quivered)
 d - 4 curare-tipped darts
 u - 14 boomerangs
Armour
 l - a +0 pair of gloves (worn)
 B - a +0 buckler
 I - an orb of mayhem
Jewellery
 n - a ring of see invisible (left hand)
 t - an amulet of the acrobat (around neck)
 w - an amulet of regeneration
Wands
 g - a wand of iceblast (19)
 q - a wand of acid (5)
 A - a wand of flame (20)
 D - a wand of charming (4)
 G - a wand of paralysis (3)
Scrolls
 f - 5 scrolls of teleportation
 h - 5 scrolls of magic mapping
 j - a scroll of summoning
 v - 2 scrolls of enchant weapon
 x - 2 scrolls of immolation
 y - a scroll of fog
 H - a scroll of fear
Potions
 a - a potion of resistance
 b - a potion of heal wounds
 e - 2 potions of curing
 i - a potion of berserk rage
 k - a potion of cancellation
 p - 4 potions of flight
 r - 2 potions of attraction
 s - a potion of lignification
 E - a potion of magic {unknown}
 F - a potion of haste {unknown}
 J - a potion of might


   Skills:
 + Level 8.7 Fighting
 + Level 9.9 Short Blades
 + Level 6.9 Axes
 + Level 2.7 Throwing
 + Level 8.1 Dodging
 + Level 8.3 Stealth
 + Level 1.0 Spellcasting
 + Level 0.8 Translocations


You had 11 spell levels left.
You knew the following spells:

 Your Spells              Type           Power      Damage    Failure   Level
a - Apportation           Tloc           4%         N/A       21%         1

Your spell library contained the following spells:

 Spells                   Type           Power      Damage    Failure   Level
 Ensorcelled Hibernation  Hex/Ice        0%         N/A       38%         2
 Spider Form              Tmut/Pois      0%         N/A       63%         3
 Anguish                  Hex/Necr       0%         N/A       95%         4
 Alistair's Intoxication  Tmut/Pois      0%         N/A       100%        5
 Summon Forest            Summ/Tloc      0%         N/A       100%        5
 Eringya's Noxious Bog    Tmut/Pois      0%         N/A       100%        6
 Malign Gateway           Summ/Tloc      0%         N/A       100%        7
 Summon Hydra             Summ           0%         N/A       100%        7
 Summon Horrible Things   Summ           0%         N/A       100%        8


Dungeon Overview and Level Annotations

Branches:
Dungeon (11/15)            Temple (1/1) D:6             Orc (0/2) D:9
   Lair: D:8-11

Altars:
Ashenzari
Dithmenos
Fedhas
Gozag
Hepliaklqana
Kikubaaqudgha
Makhleb
Okawaru
Qazlal
Ru
Uskayaw
Vehumet
Wu Jian
Xom
Yredelemnul
The Shining One

Shops:
D:10 ?   D:11 !*

Annotations:
D:5 1 runed translucent door
D:9 Orcish Mines
D:10 1 runed translucent door, OTABOTABOTAB's ghost, novice DrTm


Innate Abilities, Weirdness & Mutations

You can breathe blasts of scalding, opaque steam.
Your pale cyan-grey scales are hard. (AC +7)
You cannot fit into any form of body armour.
You are cold-blooded and may be slowed by cold attacks.
You are immune to the effects of steam.


Message History

The hound is distracted by your dazzling golden aura.
You miss the wolf.
Your tail-slap misses the wolf.
The wolf is lightly wounded.
The wolf bites you but does no damage. The wolf closely misses you.
You slice the wolf!! You freeze the wolf!
You kill the wolf!
The hound is no longer distracted by gold.
You see here 8 gold pieces.
You feel a strong urge to attack something.
You are no longer berserk.
You are exhausted.
You feel yourself slow down.
You slice the hound!! You freeze the hound!
You kill the hound!
A boulder beetle comes into view.
You see here 7 gold pieces.
You have got your breath back.
Things that are here:
29 gold pieces; 4 large rocks The boulder beetle curls into a ball and begins rolling!
You see here 7 gold pieces.
You see here 8 gold pieces.
The boulder beetle misses you.
The boulder beetle stops rolling and uncurls.
The boulder beetle leaps!
You see here 8 gold pieces.
The boulder beetle is distracted by your dazzling golden aura.
The boulder beetle is no longer distracted by gold.
The boulder beetle curls into a ball and begins rolling!
Aiming: Breathe Steam (1% risk of failure)
Press: ? - help, Shift-Dir - straight line, f - boulder beetle
Aim: a boulder beetle (rolling, 100% to hit)
You exhale a blast of scalding steam.
The boulder beetle is distracted by your dazzling golden aura.
You hit the boulder beetle but do no damage.
The boulder beetle is no longer distracted by gold.
The boulder beetle is engulfed in a cloud of scalding steam.
The boulder beetle hits you!!!
You die...
Your body crumbles into a pile of gold.

...........(.....#
.................#
.$...............#
...........)))...###
.............)..$..#
......##########°..#
......# #°..#
....o.# #B$.#
......# #@..#
.###### #...# ##
#####


You could see a boulder beetle (rolling).

Vanquished Creatures
  A two-headed ogre (D:10)
  Amaemon (D:11)
  Pikel (D:8)
  A cyclops (D:11)
  An orange demon (D:11)
  The ghost of spaghetti the Insei, a novice GnTm (D:4)
  An unseen horror (D:10)
  A kobold demonologist (D:10)
  A komodo dragon (D:11)
  2 trolls
  2 hornets
  2 wraiths
  2 vampires (D:10)
  A basilisk (D:11)
  13 yaks
  A steam dragon (D:8)
  2 water moccasins
  2 black bears
  5 orc warriors
  An ice beast (D:7)
  2 sky beasts (D:8)
  3 ogres
  2 wolves (D:11)
  4 centaurs
  2 lemures (D:8)
  2 phantoms
  3 kobold brigands
  6 bullfrogs
  A necrophage (D:6)
  8 scorpions (D:5)
  8 wights
  4 killer bees (D:9)
  3 howler monkeys
  An electric eel (D:8)
  5 hounds
  A jelly (D:4)
  3 orc priests
  3 iguanas
  10 orc wizards
  4 gnolls
  7 adders
  3 white imps
  3 worms
  6 dart slugs
  60 orcs
  5 bats
  8 endoplasms
  9 giant cockroaches
  6 goblins
  4 hobgoblins
  5 jackals
  3 quokkas
  9 ball pythons
  A frilled lizard (D:3)
  19 kobolds
  5 rats
  A butterfly (D:5)
271 creatures vanquished.

Vanquished Creatures (collateral kills)
  A gnoll (D:2)
1 creature vanquished.

Grand Total: 272 creatures vanquished

Notes
Turn   | Place    | Note
-------+----------+-------------------------------------------
     0 | D:1      | xian the Draconian Brigand began the quest for the Orb.
     0 | D:1      | Reached XP level 1. HP: 17/17 MP: 1/1
   246 | D:1      | Reached XP level 2. HP: 21/24 MP: 2/2
   383 | D:1      | Reached skill level 1 in Dodging
   471 | D:1      | Found a faded altar of an unknown god.
   612 | D:1      | Reached XP level 3. HP: 30/30 MP: 3/3
  1098 | D:2      | Found a blossoming altar of Fedhas.
  1648 | D:2      | Reached XP level 4. HP: 13/37 MP: 4/4
  1652 | D:2      | HP: 1/37 [gnoll/+0 flail (3)]
  1660 | D:2      | HP: 1/37 [gnoll/+0 club (1)]
  2585 | D:3      | Reached XP level 5. HP: 36/44 MP: 5/5
  2593 | D:3      | Reached skill level 5 in Stealth
  2645 | D:3      | Found a basalt altar of Yredelemnul.
  3400 | D:4      | Found a runed translucent gate.
  3400 | D:4      | Found a runed translucent gate.
  3400 | D:4      | Found a runed translucent gate.
  3402 | D:4      | Noticed spaghetti's ghost (novice GnTm)
  3855 | D:4      | Noticed a black bear
  3862 | D:4      | Killed a black bear
  3863 | D:4      | Reached skill level 3 in Short Blades
  3863 | D:4      | Reached XP level 6. HP: 42/51 MP: 6/6
  4745 | D:4      | Your scales start taking on a pale cyan-grey colour.
  4745 | D:4      | Reached XP level 7. HP: 23/57 MP: 7/7
  4745 | D:4      | Gained mutation: You are immune to the effects of steam.
                  | [Pale Draconian growth]
  5147 | D:4      | Killed spaghetti's ghost
  5148 | D:4      | Reached skill level 4 in Short Blades
  5460 | D:5      | Entered Level 5 of the Dungeon
  5482 | D:5      | Noticed a yak
  5552 | D:5      | Identified a scroll of acquirement
  5552 | D:5      | Acquired 711 gold pieces
  5647 | D:5      | Reached XP level 8. HP: 60/66 MP: 8/8
  5671 | D:5      | Reached skill level 5 in Short Blades
  5818 | D:5      | Reached skill level 6 in Short Blades
  5826 | D:5      | Reached skill level 5 in Dodging
  5836 | D:5      | Reached skill level 5 in Fighting
  5836 | D:5      | Reached skill level 7 in Short Blades
  5841 | D:5      | Reached XP level 9. HP: 22/74 MP: 9/9
  6122 | D:5      | Found a blossoming altar of Fedhas.
  6194 | D:5      | Found a runed translucent door.
  6199 | D:5      | Found a runed translucent door.
  6531 | D:5      | Reached skill level 8 in Short Blades
  6712 | D:5      | Found an ornate altar of the Wu Jian Council.
  6806 | D:5      | Learned a level 1 spell: Apportation
  6979 | D:6      | Found a staircase to the Ecumenical Temple.
  7006 | Temple   | Entered the Ecumenical Temple
  7027 | Temple   | Became a worshipper of Gozag Ym Sagoz the Greedy
  8196 | D:7      | HP: 1/77 [wraith (5)]
  8973 | D:7      | Reached XP level 10. HP: 84/84 MP: 10/10
  9191 | D:7      | Reached skill level 1 in Spellcasting
  9333 | D:7      | Reached skill level 9 in Short Blades
  9718 | D:8      | Noticed Pikel
  9744 | D:8      | Killed Pikel
 10810 | D:9      | Reached skill level 1 in Axes
 11551 | D:9      | Found a staircase to the Orcish Mines.
 11748 | D:10     | Entered Level 10 of the Dungeon
 11953 | D:10     | Found Lanusurgh's Magic Scroll Shoppe.
 11971 | D:10     | Noticed a soul eater
 11985 | D:10     | Noticed an orange demon
 12031 | D:10     | HP: 1/85 [orc wizard/puff of flame (10)]
 12425 | D:10     | Bought a scroll of enchant weapon for 82 gold pieces
 12425 | D:10     | Bought a scroll of enchant weapon for 82 gold pieces
 12567 | D:10     | Reached XP level 11. HP: 63/94 MP: 12/12
 12740 | D:10     | Found a radiant altar of Vehumet.
 12893 | D:10     | Found a runed translucent door.
 12894 | D:10     | Found a shimmering altar of Xom.
 12894 | D:10     | Noticed OTABOTABOTAB's ghost (novice DrTm)
 12896 | D:10     | Noticed a +2 dire flail of chaos
 13322 | D:10     | Noticed a two-headed ogre
 13331 | D:10     | Killed a two-headed ogre
 13332 | D:10     | Reached skill level 5 in Axes
 14059 | D:11     | Found Xerach's CLEARANCE SALE!.
 14069 | D:11     | Bought a scroll of teleportation for 12 gold pieces
 14088 | D:11     | Bought a potion of might for 64 gold pieces
 14088 | D:11     | Bought a potion of curing for 48 gold pieces
 14088 | D:11     | Bought a potion of curing for 48 gold pieces
 14173 | D:11     | Noticed Amaemon
 14193 | D:11     | Killed Amaemon
 14332 | D:11     | Noticed a boulder beetle
 14343 | D:11     | Annihilated by a boulder beetle

Illustrated notes

Levels and vault maps discovered:
D:1:      dpeg_arrival_more_subterranean_lakeside_camping, layout_basic,
          chequers_ecumenical_altar_simple
D:2:      layout_loops_ring, basic_altar, chequers_serial_rivers_small_b,
          chequers_serial_rivers_small_a
D:3:      layout_loops_ring, mainiacjoe_overflow_24_doors, serial_forest,
          infiniplex_forest_lined_2, infiniplex_forest_clump_tiny,
          infiniplex_forest_end_3, infiniplex_forest_straight_2
D:4:      minmay_opposing_rooms, layout_layer_cave, ebering_ghost_rock_garden,
          kennysheep_generic_room_10
D:5:      lemuel_insect_pit, layout_cave_pools, nicolae_wu_jian_glorious_leap,
          general_overflow_altar, minmay_liquid_box
D:6:      layout_basic, minmay_temple_entry_drinking_statues
D:7:      layout_loops_ring
D:8:      layout_loops_ring, nrook_pool_corridor, dk_noncrumbling_4, uniq_pikel
D:9:      layout_loops_corners, orc_0_dummy
D:10:     layout_layer_cave, marbit_many_paths, ebering_ghost_xom,
          kennysheep_windowed_goal
D:11:     layout_irregular_city, erik_lair_island, nicolae_shop_clearance,
          uniq_erolcha, uniq_amaemon
Temple:   eino_narrow_crystal_temple

Skill      XL: |  1  2  3  4  5  6  7  8  9 10 11 |
---------------+----------------------------------+-----
Stealth        | 4 5 6 7 8 |  8.3
Dodging        | 1 2 3 5 6 7 8 |  8.1
Throwing       | 2 |  2.7
Fighting       | 3 4 5 6 7 8 |  8.7
Short Blades   | 3 4 7 8 9 |  9.9
Spellcasting   | 1 |  1.0
Axes           | 3 6 |  6.9
Translocations | |  0.8

Action                   |  1- 3 |  4- 6 |  7- 9 | 10-12 || total
-------------------------+-------+-------+-------+-------++-------
Melee: Dagger            |   123 |    69 |       |       ||   192
       Tailslap          |     7 |    22 |    43 |    27 ||    99
       Short sword       |       |    67 |   257 |    83 ||   407
       Punch             |       |     2 |     3 |     2 ||     7
       Battleaxe         |       |       |       |   100 ||   100
Throw: Dart              |     1 |     2 |     6 |     3 ||    12
 Cast: Apportation       |       |       |     1 |       ||     1
Invok: Call Merchant     |       |       |       |     1 ||     1
 Abil: Breathe Steam     |       |       |    29 |    45 ||    74
  Use: Scroll            |     6 |     2 |     7 |    15 ||    30
       Potion            |       |       |     2 |     8 ||    10
 Stab: Sleeping          |     5 |    14 |     3 |     3 ||    25
       Distracted        |       |       |     1 |     1 ||     2
Armor: Skin              |    54 |    42 |    86 |    56 ||   238
Dodge: Dodged            |    89 |    91 |   172 |   252 ||   604

Table legend: (Time is in decaauts)
 A = Elapsed time spent in this place.
 B = Non-inter-level travel time spent in this place.
 C = Inter-level travel time spent in this place.
 D = Time resting spent in this place.
 E = Time spent auto-exploring this place.
 F = Levels seen in this place.
 G = Mean time per level.
                   A        B        C        D        E       F      G
               +--------+--------+--------+--------+--------+-----+--------+
         Total |  14327 |  14054 |    273 |   1754 |   8600 |  12 | 1193.9 |
       Dungeon |  14291 |  14028 |    263 |   1754 |   8598 |  11 | 1299.2 |
        Temple |     35 |     25 |     10 |      0 |      2 |   1 |   35.0 |
               +--------+--------+--------+--------+--------+-----+--------+

Top non-repeatable levels by time:
    D:10: 2306 daAuts
     D:4: 2205 daAuts
     D:7: 1575 daAuts
     D:5: 1447 daAuts
     D:2: 1208 daAuts
     D:3: 1103 daAuts
     D:9: 1091 daAuts
     D:6: 1080 daAuts
     D:8: 1020 daAuts
     D:1: 923 daAuts
    D:11: 329 daAuts
  Temple: 35 daAuts
